[ PARTIDA AOE2 · #480010991 ]
UnrankedBúlgaros vs Saracens
Equipo del jugador · DERR
[ ANÁLISIS DE REPETICIÓN · EXTRAÍDO DE LA PARTIDA GRABADA ]
Feudal
14:02
Castillos
17:42
Imperial
38:01
| APM promedio | 22.7 |
| APM pico | 48 |
| eAPM promedio | 13.2 |
| Aldeanos / militares | 131 / 16 |
Foco
⚔️ 22.1% · 🌾 77.9%
Petard ×10 · Fishing Ship ×8 · Konnik ×4 · Fire Galley ×2
Feudal
12:57
Castillos
16:35
Imperial
—
| APM promedio | 33.1 |
| APM pico | 80 |
| eAPM promedio | 15.0 |
| Aldeanos / militares | 109 / 34 |
Foco
⚔️ 34.5% · 🌾 65.5%
Mangonel ×20 · Mameluke ×13 · Fishing Ship ×7 · Battering Ram ×1
Feudal
12:57
Castillos
19:40
Imperial
—
| APM promedio | 29.9 |
| APM pico | 55 |
| eAPM promedio | 15.0 |
| Aldeanos / militares | 95 / 12 |
Foco
⚔️ 31.5% · 🌾 68.5%
Unknown (2550) ×61 · Fire Galley ×7 · Fishing Ship ×5 · Battering Ram ×5 · Unknown (2626) ×3
Feudal
13:13
Castillos
16:47
Imperial
33:56
| APM promedio | 39.0 |
| APM pico | 76 |
| eAPM promedio | 20.0 |
| Aldeanos / militares | 139 / 113 |
Foco
⚔️ 41.7% · 🌾 58.3%
Archer ×91 · Fishing Ship ×22 · Berserk ×10 · Trebuchet (Packed) ×6 · Longboat ×3 · Mangonel ×3
Feudal
—
Castillos
—
Imperial
—
| APM promedio | 61.9 |
| APM pico | 91 |
| eAPM promedio | 30.0 |
| Aldeanos / militares | 124 / 37 |
Foco
⚔️ 18.6% · 🌾 81.4%
Genoese Crossbowman ×15 · Fishing Ship ×10 · Galley ×9 · Mangonel ×8 · Trebuchet (Packed) ×3 · Skirmisher ×1
Feudal
14:33
Castillos
18:19
Imperial
34:46
| APM promedio | 39.7 |
| APM pico | 67 |
| eAPM promedio | 22.9 |
| Aldeanos / militares | 131 / 126 |
Foco
⚔️ 45.5% · 🌾 54.5%
Chu Ko Nu ×72 · Fishing Ship ×28 · Fire Lancer ×17 · Battering Ram ×14 · Galley ×9 · Fire Galley ×9
Feudal
12:37
Castillos
20:38
Imperial
39:21
| APM promedio | 52.9 |
| APM pico | 113 |
| eAPM promedio | 33.9 |
| Aldeanos / militares | 195 / 38 |
Foco
⚔️ 26.7% · 🌾 73.3%
Janissary ×25 · Fishing Ship ×9 · Battering Ram ×9 · Bombard Cannon ×3 · Fire Galley ×1
Feudal
12:01
Castillos
25:23
Imperial
—
| APM promedio | 46.8 |
| APM pico | 86 |
| eAPM promedio | 26.4 |
| Aldeanos / militares | 138 / 37 |
Foco
⚔️ 34.0% · 🌾 66.0%
Fishing Ship ×17 · Archer ×15 · Rattan Archer ×15 · Unknown (2626) ×5 · Mangonel ×4 · Fire Galley ×1
Mapa de la partida
Recursos iniciales + cada clic de construcción. Líneas = muros · curvas = relieve. ◆ oro · ⬟ piedra · ● bayas · ✦ reliquia · ◌ hueco del cierre
Tu base· Abierta — hueco de 5t
Base de Kaarlos· Abierta — flanco sin cerrar
Base de Raul.RF· Abierta — hueco de 4t
Base de [BÜN] Nehekbo· Abierta — flanco sin cerrar
Base de SnubPigeon1853· Abierta — hueco de 14t
Base de [BÜN#1] Heidewolf· Abierta — hueco de 5t
Base de EndRCM· Abierta — flanco sin cerrar
Base de [BÜN] Schmirgel· Abierta — flanco sin cerrar
Terreno inicial suavizado · ◌ = hueco del cierre detectado · pasá el cursor para detalles
Inputs por minuto
— [BÜN]_kapitalismus - - Kaarlos
Build order — [BÜN]_kapitalismus
Primeras 150 de 284 acciones detectadas
| 0:14 | Construir | Town Center |
| 0:44 | Construir | Town Center |
| 0:52 | Construir | Town Center |
| 1:00 | Construir | House |
| 1:02 | Construir | Dock |
| 3:06 | Crear | Villager (Male) |
| 3:07 | Crear | Villager (Male) |
| 3:07 | Crear | Villager (Male) |
| 3:21 | Crear | Villager (Male) |
| 3:21 | Crear | Villager (Male) |
| 4:10 | Crear | Fishing Ship |
| 4:10 | Crear | Fishing Ship |
| 4:25 | Crear | Villager (Male) |
| 4:26 | Crear | Villager (Male) |
| 5:00 | Construir | Palisade Wall |
| 5:24 | Crear | Villager (Male) |
| 5:24 | Crear | Villager (Male) |
| 5:28 | Construir | House |
| 5:53 | Investigar | Loom |
| 6:02 | Crear | Villager (Male) |
| 6:02 | Crear | Villager (Male) |
| 6:24 | Crear | Villager (Male) |
| 6:25 | Crear | Villager (Male) |
| 6:41 | Crear | Fishing Ship |
| 6:42 | Crear | Fishing Ship |
| 6:59 | Crear | Villager (Male) |
| 6:59 | Crear | Villager (Male) |
| 7:10 | Construir | House |
| 7:39 | Crear | Fishing Ship |
| 7:40 | Crear | Villager (Male) |
| 8:03 | Crear | Villager (Male) |
| 8:20 | Crear | Fishing Ship |
| 8:33 | Construir | House |
| 8:45 | Crear | Villager (Male) |
| 8:55 | Crear | Villager (Male) |
| 9:01 | Crear | Fishing Ship |
| 9:26 | Crear | Villager (Male) |
| 9:31 | Construir | House |
| 9:40 | Crear | Villager (Male) |
| 9:43 | Crear | Fishing Ship |
| 10:23 | Crear | Villager (Male) |
| 10:36 | Construir | Mill |
| 10:38 | Crear | Villager (Male) |
| 11:21 | Crear | Villager (Male) |
| 11:52 | Investigar | Feudal Age |
| 11:59 | Construir | Mining Camp |
| 12:06 | Construir | Mining Camp |
| 12:14 | Construir | House |
| 12:24 | Construir | House |
| 13:03 | Crear | Villager (Male) |
| 13:03 | Crear | Villager (Male) |
| 14:02 | Edad | Edad Feudal |
| 14:04 | Construir | Market |
| 14:28 | Construir | Blacksmith |
| 14:39 | Crear | Villager (Male) |
| 15:02 | Investigar | Castle Age |
| 15:11 | Construir | Outpost |
| 15:14 | Construir | Outpost |
| 15:42 | Construir | Lumber Camp |
| 16:00 | Construir | Outpost |
| 16:26 | Crear | Villager (Male) |
| 16:53 | Construir | Outpost |
| 16:57 | Construir | House |
| 17:04 | Investigar | Double-Bit Axe |
| 17:04 | Investigar | Double-Bit Axe |
| 17:42 | Edad | Edad de los Castillos |
| 17:45 | Construir | Krepost |
| 17:53 | Construir | Mill |
| 17:59 | Crear | Villager (Male) |
| 18:04 | Crear | Fire Galley |
| 18:20 | Investigar | Fletching |
| 18:30 | Crear | Villager (Male) |
| 18:49 | Crear | Villager (Male) |
| 19:08 | Crear | Villager (Male) |
| 19:16 | Construir | Farm |
| 19:17 | Construir | Farm |
| 19:18 | Construir | Farm |
| 19:24 | Crear | Villager (Male) |
| 19:43 | Crear | Fire Galley |
| 19:44 | Crear | Villager (Male) |
| 20:06 | Investigar | Bodkin Arrow |
| 20:08 | Crear | Villager (Male) |
| 20:18 | Construir | House |
| 20:47 | Crear | Villager (Male) |
| 20:50 | Investigar | Bow Saw |
| 21:06 | Crear | Villager (Male) |
| 21:09 | Construir | Farm |
| 21:13 | Construir | Farm |
| 21:15 | Crear | Villager (Male) |
| 21:47 | Construir | Town Center |
| 21:55 | Crear | Villager (Male) |
| 22:06 | Construir | Farm |
| 22:15 | Crear | Villager (Male) |
| 22:54 | Crear | Villager (Male) |
| 23:16 | Construir | Krepost |
| 23:20 | Crear | Villager (Male) |
| 23:26 | Construir | Farm |
| 23:28 | Construir | Farm |
| 23:30 | Investigar | Horse Collar |
| 23:37 | Crear | Villager (Male) |
| 23:48 | Crear | Villager (Male) |
| 24:07 | Crear | Petard |
| 24:23 | Crear | Villager (Male) |
| 24:26 | Construir | Farm |
| 24:27 | Construir | Farm |
| 24:41 | Crear | Villager (Male) |
| 24:42 | Crear | Villager (Male) |
| 24:57 | Construir | Farm |
| 25:02 | Crear | Petard |
| 25:10 | Crear | Villager (Male) |
| 25:12 | Crear | Petard |
| 25:17 | Construir | Farm |
| 25:20 | Construir | Farm |
| 25:29 | Construir | Farm |
| 25:36 | Crear | Villager (Male) |
| 25:41 | Construir | Farm |
| 25:45 | Crear | Villager (Male) |
| 25:53 | Construir | Farm |
| 25:56 | Construir | Farm |
| 25:58 | Crear | Petard |
| 26:09 | Crear | Villager (Male) |
| 26:12 | Crear | Petard |
| 26:19 | Construir | Farm |
| 26:21 | Construir | Farm |
| 26:36 | Crear | Petard |
| 26:46 | Construir | Farm |
| 26:48 | Construir | Farm |
| 26:58 | Crear | Petard |
| 27:06 | Crear | Villager (Male) |
| 27:11 | Construir | House |
| 27:22 | Crear | Petard |
| 27:24 | Crear | Villager (Male) |
| 27:36 | Crear | Villager (Male) |
| 27:39 | Construir | Lumber Camp |
| 28:34 | Crear | Petard |
| 28:34 | Crear | Petard |
| 28:35 | Crear | Villager (Male) |
| 28:35 | Crear | Villager (Male) |
| 28:35 | Crear | Villager (Male) |
| 28:48 | Construir | Krepost |
| 28:55 | Crear | Konnik |
| 28:55 | Crear | Konnik |
| 28:59 | Crear | Villager (Male) |
| 28:59 | Crear | Villager (Male) |
| 29:10 | Construir | Town Center |
| 29:14 | Investigar | Heavy Plow |
| 29:28 | Investigar | Scale Barding Armor |
| 29:42 | Crear | Villager (Male) |
| 29:42 | Crear | Villager (Male) |
| 30:13 | Construir | Krepost |
Build order — Kaarlos
Primeras 150 de 221 acciones detectadas
| 0:19 | Construir | Town Center |
| 0:51 | Construir | Dock |
| 0:54 | Construir | House |
| 2:35 | Crear | Villager (Male) |
| 2:35 | Crear | Villager (Male) |
| 2:38 | Crear | Villager (Male) |
| 2:38 | Crear | Villager (Male) |
| 2:39 | Crear | Villager (Male) |
| 3:45 | Crear | Fishing Ship |
| 4:01 | Crear | Villager (Male) |
| 4:24 | Construir | House |
| 4:36 | Investigar | Loom |
| 5:02 | Crear | Fishing Ship |
| 5:11 | Crear | Villager (Male) |
| 5:11 | Crear | Villager (Male) |
| 5:35 | Crear | Fishing Ship |
| 5:35 | Crear | Fishing Ship |
| 5:44 | Crear | Villager (Male) |
| 5:44 | Crear | Villager (Male) |
| 6:03 | Construir | House |
| 6:17 | Crear | Villager (Male) |
| 6:34 | Crear | Villager (Male) |
| 6:35 | Crear | Villager (Male) |
| 6:36 | Crear | Fishing Ship |
| 6:59 | Crear | Villager (Male) |
| 6:59 | Crear | Villager (Male) |
| 7:04 | Crear | Villager (Male) |
| 7:05 | Crear | Villager (Male) |
| 7:12 | Crear | Fishing Ship |
| 7:34 | Crear | Villager (Male) |
| 7:41 | Construir | House |
| 7:42 | Crear | Villager (Male) |
| 7:42 | Crear | Villager (Male) |
| 8:00 | Crear | Villager (Male) |
| 8:16 | Crear | Fishing Ship |
| 8:20 | Crear | Villager (Male) |
| 8:38 | Crear | Villager (Male) |
| 9:03 | Construir | Mill |
| 9:08 | Crear | Villager (Male) |
| 9:33 | Construir | Mining Camp |
| 10:01 | Construir | House |
| 10:15 | Investigar | Feudal Age |
| 12:24 | Crear | Villager (Male) |
| 12:25 | Crear | Villager (Male) |
| 12:57 | Edad | Edad Feudal |
| 13:00 | Construir | Market |
| 13:03 | Construir | Blacksmith |
| 13:55 | Investigar | Castle Age |
| 14:25 | Construir | Lumber Camp |
| 14:38 | Construir | Outpost |
| 14:45 | Construir | House |
| 15:19 | Investigar | Double-Bit Axe |
| 16:35 | Edad | Edad de los Castillos |
| 16:41 | Construir | Castle |
| 17:33 | Construir | Lumber Camp |
| 17:43 | Crear | Mameluke |
| 17:43 | Crear | Mameluke |
| 17:43 | Crear | Mameluke |
| 17:49 | Crear | Villager (Male) |
| 17:50 | Crear | Villager (Male) |
| 17:57 | Crear | Villager (Male) |
| 18:06 | Crear | Villager (Male) |
| 18:18 | Construir | Mining Camp |
| 18:22 | Crear | Villager (Male) |
| 18:23 | Crear | Villager (Male) |
| 19:00 | Crear | Villager (Male) |
| 19:09 | Construir | Siege Workshop |
| 19:35 | Crear | Villager (Male) |
| 19:45 | Crear | Mameluke |
| 19:45 | Crear | Mameluke |
| 19:45 | Crear | Mameluke |
| 20:11 | Crear | Mangonel |
| 20:39 | Crear | Villager (Male) |
| 20:51 | Crear | Villager (Male) |
| 20:51 | Crear | Villager (Male) |
| 21:00 | Crear | Mangonel |
| 21:01 | Crear | Mangonel |
| 21:45 | Construir | Farm |
| 21:46 | Construir | Farm |
| 21:50 | Crear | Mangonel |
| 21:50 | Crear | Mangonel |
| 22:04 | Construir | Farm |
| 22:05 | Construir | Farm |
| 22:34 | Crear | Villager (Male) |
| 22:48 | Construir | Town Center |
| 23:31 | Crear | Villager (Male) |
| 23:32 | Crear | Villager (Male) |
| 23:37 | Construir | Farm |
| 23:37 | Construir | Farm |
| 23:38 | Construir | Farm |
| 24:24 | Crear | Villager (Male) |
| 24:25 | Crear | Villager (Male) |
| 24:26 | Construir | Lumber Camp |
| 24:41 | Crear | Mangonel |
| 24:41 | Crear | Mangonel |
| 24:47 | Construir | Farm |
| 24:47 | Construir | Farm |
| 25:10 | Crear | Mangonel |
| 25:10 | Crear | Mangonel |
| 25:14 | Construir | House |
| 25:33 | Crear | Villager (Male) |
| 25:33 | Crear | Villager (Male) |
| 25:37 | Crear | Villager (Male) |
| 25:37 | Crear | Villager (Male) |
| 25:39 | Construir | Farm |
| 26:21 | Crear | Mangonel |
| 26:21 | Crear | Mangonel |
| 26:26 | Crear | Villager (Male) |
| 26:26 | Crear | Villager (Male) |
| 26:28 | Crear | Villager (Male) |
| 26:51 | Crear | Mameluke |
| 26:51 | Crear | Mameluke |
| 27:05 | Construir | House |
| 27:05 | Construir | House |
| 27:07 | Crear | Villager (Male) |
| 27:07 | Crear | Villager (Male) |
| 27:28 | Crear | Villager (Male) |
| 27:28 | Crear | Villager (Male) |
| 27:32 | Construir | Farm |
| 27:40 | Crear | Villager (Male) |
| 27:40 | Crear | Villager (Male) |
| 27:43 | Construir | Farm |
| 27:44 | Construir | Farm |
| 27:49 | Crear | Mangonel |
| 27:49 | Crear | Mangonel |
| 27:57 | Crear | Villager (Male) |
| 27:57 | Crear | Villager (Male) |
| 28:51 | Crear | Villager (Male) |
| 28:51 | Crear | Villager (Male) |
| 28:51 | Crear | Villager (Male) |
| 28:52 | Crear | Villager (Male) |
| 28:52 | Crear | Villager (Male) |
| 29:10 | Crear | Villager (Male) |
| 29:10 | Crear | Villager (Male) |
| 29:10 | Crear | Villager (Male) |
| 29:18 | Construir | Farm |
| 29:19 | Construir | Farm |
| 29:19 | Construir | Farm |
| 29:27 | Construir | Farm |
| 29:28 | Construir | Farm |
| 29:28 | Construir | Farm |
| 29:29 | Construir | Farm |
| 29:34 | Crear | Mameluke |
| 29:34 | Crear | Mameluke |
| 29:34 | Crear | Mameluke |
| 29:38 | Construir | House |
| 29:39 | Construir | House |
| 29:39 | Construir | House |
| 30:05 | Crear | Mameluke |
| 30:05 | Crear | Mameluke |
Build order — Raul.RF
Primeras 150 de 309 acciones detectadas
| 0:05 | Construir | Town Center |
| 1:12 | Construir | Dock |
| 2:04 | Construir | House |
| 2:31 | Crear | Villager (Male) |
| 2:31 | Crear | Villager (Male) |
| 2:31 | Crear | Villager (Male) |
| 3:02 | Crear | Villager (Male) |
| 3:39 | Crear | Fishing Ship |
| 4:05 | Construir | House |
| 4:14 | Investigar | Loom |
| 4:46 | Crear | Fishing Ship |
| 4:53 | Crear | Villager (Male) |
| 5:20 | Crear | Villager (Male) |
| 5:35 | Crear | Villager (Male) |
| 5:51 | Crear | Villager (Male) |
| 6:05 | Crear | Villager (Male) |
| 6:46 | Crear | Villager (Male) |
| 6:46 | Crear | Villager (Male) |
| 6:55 | Construir | House |
| 6:57 | Crear | Villager (Male) |
| 7:39 | Crear | Fishing Ship |
| 7:46 | Crear | Villager (Male) |
| 7:56 | Construir | House |
| 8:26 | Crear | Villager (Male) |
| 8:33 | Crear | Villager (Male) |
| 8:36 | Crear | Fishing Ship |
| 8:59 | Crear | Villager (Male) |
| 9:17 | Construir | Settlement |
| 9:19 | Crear | Villager (Male) |
| 9:29 | Crear | Fishing Ship |
| 9:35 | Crear | Villager (Male) |
| 9:36 | Crear | Villager (Male) |
| 9:39 | Construir | House |
| 9:53 | Crear | Villager (Male) |
| 10:27 | Investigar | Feudal Age |
| 10:57 | Construir | House |
| 11:09 | Construir | Settlement |
| 11:30 | Crear | Villager (Male) |
| 11:38 | Construir | Palisade Wall |
| 11:39 | Construir | Palisade Wall |
| 11:42 | Construir | Palisade Wall |
| 11:55 | Construir | Palisade Wall |
| 12:01 | Construir | Dock |
| 12:23 | Construir | Palisade Wall |
| 12:25 | Construir | Palisade Wall |
| 12:57 | Edad | Edad Feudal |
| 12:59 | Crear | Unit 2626 |
| 13:00 | Crear | Unit 2626 |
| 13:01 | Crear | Villager (Male) |
| 13:09 | Crear | Villager (Male) |
| 13:13 | Investigar | Double-Bit Axe |
| 13:27 | Crear | Villager (Male) |
| 13:35 | Construir | Blacksmith |
| 13:39 | Construir | Palisade Wall |
| 13:52 | Crear | Unit 2626 |
| 13:55 | Crear | Villager (Male) |
| 14:25 | Crear | Fire Galley |
| 14:30 | Crear | Villager (Male) |
| 14:50 | Crear | Villager (Male) |
| 14:57 | Crear | Fire Galley |
| 14:58 | Crear | Villager (Male) |
| 15:05 | Construir | House |
| 15:44 | Crear | Fire Galley |
| 15:44 | Crear | Fire Galley |
| 15:45 | Crear | Villager (Male) |
| 15:51 | Construir | Market |
| 17:00 | Investigar | Castle Age |
| 17:13 | Crear | Villager (Male) |
| 17:16 | Construir | Barracks |
| 17:28 | Investigar | Scale Mail Armor |
| 17:29 | Crear | Villager (Male) |
| 18:24 | Crear | Fire Galley |
| 18:25 | Crear | Fire Galley |
| 18:25 | Crear | Villager (Male) |
| 18:26 | Crear | Villager (Male) |
| 18:30 | Construir | Barracks |
| 18:36 | Investigar | Tech 1402 |
| 19:00 | Crear | Fire Galley |
| 19:04 | Construir | House |
| 19:10 | Construir | House |
| 19:40 | Edad | Edad de los Castillos |
| 19:43 | Investigar | War Galley (upgrade) |
| 19:51 | Crear | Villager (Male) |
| 20:31 | Construir | University |
| 20:36 | Crear | Villager (Male) |
| 20:43 | Crear | Villager (Male) |
| 20:43 | Crear | Villager (Male) |
| 21:01 | Investigar | Tech 1351 |
| 21:02 | Investigar | Squires |
| 21:18 | Crear | Villager (Male) |
| 21:26 | Crear | Unit 2550 |
| 21:27 | Crear | Unit 2550 |
| 21:38 | Construir | Town Center |
| 22:19 | Crear | Unit 2550 |
| 22:20 | Crear | Unit 2550 |
| 22:20 | Crear | Unit 2550 |
| 22:38 | Crear | Villager (Male) |
| 23:06 | Construir | Town Center |
| 23:31 | Construir | Settlement |
| 23:39 | Crear | Unit 2550 |
| 23:39 | Crear | Unit 2550 |
| 23:47 | Investigar | Horse Collar |
| 23:49 | Construir | Farm |
| 23:49 | Construir | Farm |
| 23:49 | Construir | Farm |
| 23:50 | Construir | Farm |
| 24:06 | Construir | Farm |
| 24:07 | Construir | Farm |
| 24:08 | Construir | Farm |
| 24:09 | Construir | Farm |
| 24:30 | Crear | Unit 2550 |
| 24:31 | Crear | Unit 2550 |
| 24:31 | Crear | Unit 2550 |
| 24:34 | Crear | Villager (Male) |
| 24:35 | Crear | Villager (Male) |
| 24:35 | Crear | Villager (Male) |
| 24:41 | Crear | Villager (Male) |
| 24:51 | Construir | Farm |
| 25:08 | Construir | House |
| 25:11 | Construir | House |
| 25:13 | Investigar | Town Watch |
| 25:39 | Construir | Settlement |
| 26:10 | Construir | House |
| 26:11 | Construir | House |
| 26:30 | Crear | Villager (Male) |
| 27:00 | Investigar | Chain Mail Armor |
| 27:08 | Crear | Villager (Male) |
| 27:08 | Crear | Villager (Male) |
| 27:25 | Crear | Villager (Male) |
| 27:29 | Crear | Villager (Male) |
| 27:30 | Crear | Villager (Male) |
| 27:34 | Construir | Farm |
| 27:34 | Construir | Farm |
| 27:34 | Construir | Farm |
| 27:34 | Construir | Farm |
| 27:34 | Construir | Farm |
| 27:34 | Construir | Farm |
| 27:35 | Crear | Villager (Male) |
| 27:48 | Crear | Unit 2550 |
| 27:48 | Crear | Unit 2550 |
| 27:48 | Crear | Unit 2550 |
| 27:48 | Crear | Unit 2550 |
| 27:49 | Crear | Villager (Male) |
| 27:50 | Crear | Villager (Male) |
| 27:50 | Crear | Villager (Male) |
| 27:56 | Investigar | Forging |
| 28:02 | Crear | Unit 2550 |
| 28:02 | Crear | Unit 2550 |
| 28:03 | Crear | Villager (Male) |
| 28:12 | Crear | Villager (Male) |
Build order — [BÜN] Nehekbo
Primeras 150 de 391 acciones detectadas
| 0:07 | Construir | Town Center |
| 0:26 | Construir | Dock |
| 0:29 | Construir | House |
| 2:30 | Crear | Villager (Male) |
| 2:31 | Crear | Villager (Male) |
| 2:31 | Crear | Villager (Male) |
| 2:32 | Crear | Villager (Male) |
| 2:33 | Crear | Villager (Male) |
| 3:24 | Crear | Fishing Ship |
| 3:24 | Crear | Fishing Ship |
| 3:33 | Crear | Villager (Male) |
| 3:33 | Crear | Villager (Male) |
| 4:01 | Construir | House |
| 4:36 | Crear | Villager (Male) |
| 4:36 | Crear | Villager (Male) |
| 4:52 | Crear | Villager (Male) |
| 4:53 | Crear | Villager (Male) |
| 5:29 | Crear | Villager (Male) |
| 5:29 | Crear | Fishing Ship |
| 5:41 | Construir | House |
| 5:47 | Crear | Villager (Male) |
| 6:05 | Crear | Villager (Male) |
| 6:05 | Crear | Villager (Male) |
| 6:12 | Crear | Fishing Ship |
| 6:40 | Crear | Villager (Male) |
| 6:41 | Crear | Villager (Male) |
| 6:50 | Construir | House |
| 6:53 | Crear | Fishing Ship |
| 6:53 | Crear | Villager (Male) |
| 7:08 | Construir | House |
| 7:25 | Crear | Villager (Male) |
| 7:49 | Crear | Villager (Male) |
| 7:49 | Crear | Fishing Ship |
| 8:04 | Crear | Villager (Male) |
| 8:24 | Crear | Fishing Ship |
| 8:25 | Crear | Villager (Male) |
| 8:28 | Crear | Villager (Male) |
| 8:48 | Crear | Villager (Male) |
| 8:54 | Construir | House |
| 8:59 | Investigar | Loom |
| 9:01 | Crear | Fishing Ship |
| 9:25 | Crear | Villager (Male) |
| 9:28 | Construir | House |
| 10:03 | Crear | Villager (Male) |
| 10:04 | Crear | Fishing Ship |
| 10:07 | Construir | House |
| 10:27 | Crear | Villager (Male) |
| 10:38 | Construir | Lumber Camp |
| 10:41 | Crear | Villager (Male) |
| 10:43 | Crear | Fishing Ship |
| 10:58 | Crear | Fishing Ship |
| 11:03 | Investigar | Feudal Age |
| 11:03 | Investigar | Feudal Age |
| 11:07 | Construir | Mining Camp |
| 12:00 | Construir | Mill |
| 12:32 | Crear | Villager (Male) |
| 12:36 | Construir | House |
| 13:13 | Edad | Edad Feudal |
| 13:14 | Construir | Market |
| 13:16 | Construir | Blacksmith |
| 13:40 | Crear | Villager (Male) |
| 14:07 | Investigar | Castle Age |
| 14:07 | Investigar | Castle Age |
| 14:20 | Investigar | Double-Bit Axe |
| 14:20 | Investigar | Double-Bit Axe |
| 14:42 | Construir | Dock |
| 14:55 | Investigar | Tech 906 |
| 15:35 | Construir | Dock |
| 15:41 | Investigar | Fletching |
| 15:46 | Construir | Barracks |
| 16:28 | Crear | Villager (Male) |
| 16:47 | Edad | Edad de los Castillos |
| 16:54 | Crear | Longboat |
| 16:56 | Investigar | Bodkin Arrow |
| 16:56 | Crear | Villager (Male) |
| 17:00 | Construir | Archery Range |
| 17:11 | Construir | Town Center |
| 17:20 | Construir | Lumber Camp |
| 17:31 | Crear | Villager (Male) |
| 17:53 | Crear | Longboat |
| 17:53 | Crear | Villager (Male) |
| 18:05 | Crear | Villager (Male) |
| 18:16 | Construir | Archery Range |
| 18:18 | Crear | Archer |
| 18:18 | Crear | Villager (Male) |
| 18:27 | Investigar | Horse Collar |
| 18:35 | Construir | Farm |
| 18:37 | Construir | Farm |
| 18:40 | Construir | Farm |
| 18:41 | Crear | Archer |
| 19:00 | Crear | Villager (Male) |
| 19:00 | Crear | Villager (Male) |
| 19:08 | Crear | Villager (Male) |
| 19:10 | Crear | Archer |
| 19:10 | Crear | Archer |
| 19:20 | Crear | Villager (Male) |
| 19:24 | Construir | House |
| 19:25 | Crear | Villager (Male) |
| 19:30 | Construir | University |
| 19:56 | Crear | Villager (Male) |
| 19:59 | Crear | Longboat |
| 20:17 | Crear | Villager (Male) |
| 20:17 | Crear | Villager (Male) |
| 20:19 | Crear | Villager (Male) |
| 20:19 | Crear | Archer |
| 20:20 | Crear | Archer |
| 20:20 | Crear | Archer |
| 20:25 | Construir | Farm |
| 20:27 | Construir | Farm |
| 20:31 | Construir | Farm |
| 20:32 | Crear | Villager (Male) |
| 20:32 | Crear | Villager (Male) |
| 20:41 | Construir | Mill |
| 20:42 | Crear | Archer |
| 20:43 | Crear | Villager (Male) |
| 21:07 | Construir | House |
| 21:09 | Construir | House |
| 21:12 | Construir | House |
| 21:15 | Investigar | Ballistics |
| 21:15 | Crear | Villager (Male) |
| 21:40 | Investigar | Crossbowman (upgrade) |
| 21:40 | Crear | Archer |
| 21:41 | Crear | Villager (Male) |
| 21:51 | Crear | Villager (Male) |
| 22:09 | Construir | House |
| 22:10 | Crear | Archer |
| 22:11 | Crear | Archer |
| 22:29 | Crear | Villager (Male) |
| 22:29 | Crear | Villager (Male) |
| 22:40 | Crear | Villager (Male) |
| 22:41 | Crear | Archer |
| 22:41 | Crear | Archer |
| 22:41 | Crear | Archer |
| 22:45 | Construir | House |
| 22:55 | Crear | Villager (Male) |
| 23:00 | Crear | Archer |
| 23:01 | Crear | Archer |
| 23:01 | Crear | Archer |
| 23:03 | Construir | House |
| 23:25 | Crear | Villager (Male) |
| 23:26 | Crear | Villager (Male) |
| 23:30 | Construir | Siege Workshop |
| 23:30 | Crear | Villager (Male) |
| 23:30 | Crear | Villager (Male) |
| 23:34 | Crear | Archer |
| 23:34 | Crear | Archer |
| 23:37 | Construir | House |
| 23:49 | Construir | Town Center |
| 23:52 | Crear | Villager (Male) |
| 23:55 | Crear | Villager (Male) |
Build order — SnubPigeon1853
Primeras 150 de 289 acciones detectadas
| 0:03 | Construir | Town Center |
| 0:57 | Construir | Dock |
| 1:06 | Construir | House |
| 2:25 | Crear | Villager (Male) |
| 2:25 | Crear | Villager (Male) |
| 2:27 | Crear | Villager (Male) |
| 2:27 | Crear | Villager (Male) |
| 2:27 | Crear | Villager (Male) |
| 3:28 | Crear | Fishing Ship |
| 4:05 | Crear | Villager (Male) |
| 4:06 | Investigar | Loom |
| 4:07 | Investigar | Loom |
| 4:16 | Construir | House |
| 4:45 | Crear | Fishing Ship |
| 4:54 | Construir | House |
| 5:06 | Crear | Fishing Ship |
| 5:06 | Crear | Fishing Ship |
| 5:29 | Construir | Palisade Wall |
| 5:30 | Construir | Palisade Wall |
| 5:43 | Crear | Fishing Ship |
| 6:08 | Crear | Villager (Male) |
| 6:20 | Crear | Fishing Ship |
| 6:26 | Crear | Villager (Male) |
| 6:48 | Crear | Villager (Male) |
| 6:50 | Crear | Fishing Ship |
| 7:23 | Crear | Villager (Male) |
| 7:38 | Crear | Fishing Ship |
| 7:49 | Crear | Villager (Male) |
| 7:49 | Crear | Villager (Male) |
| 7:51 | Crear | Villager (Male) |
| 7:52 | Crear | Villager (Male) |
| 7:58 | Crear | Villager (Male) |
| 8:10 | Crear | Villager (Male) |
| 8:18 | Construir | House |
| 8:24 | Crear | Villager (Male) |
| 8:41 | Crear | Villager (Male) |
| 8:41 | Crear | Villager (Male) |
| 8:42 | Crear | Villager (Male) |
| 8:47 | Construir | Mining Camp |
| 9:02 | Crear | Fishing Ship |
| 9:15 | Crear | Villager (Male) |
| 9:15 | Crear | Villager (Male) |
| 9:15 | Crear | Villager (Male) |
| 9:51 | Crear | Villager (Male) |
| 9:55 | Crear | Villager (Male) |
| 9:58 | Crear | Fishing Ship |
| 10:02 | Crear | Villager (Male) |
| 10:06 | Construir | House |
| 10:09 | Investigar | Feudal Age |
| 11:20 | Construir | Dock |
| 11:24 | Crear | Villager (Male) |
| 11:37 | Construir | Palisade Wall |
| 11:39 | Construir | Palisade Wall |
| 11:39 | Construir | Palisade Wall |
| 11:40 | Construir | Palisade Wall |
| 12:07 | Construir | House |
| 12:17 | Construir | Palisade Wall |
| 12:18 | Construir | Palisade Wall |
| 12:33 | Crear | Galley |
| 12:33 | Crear | Galley |
| 12:46 | Crear | Galley |
| 12:58 | Construir | Dock |
| 13:01 | Crear | Villager (Male) |
| 13:02 | Crear | Villager (Male) |
| 13:09 | Crear | Villager (Male) |
| 13:13 | Crear | Villager (Male) |
| 13:21 | Crear | Galley |
| 13:52 | Crear | Galley |
| 14:18 | Crear | Villager (Male) |
| 14:18 | Crear | Villager (Male) |
| 14:20 | Crear | Villager (Male) |
| 14:28 | Construir | House |
| 14:28 | Crear | Villager (Male) |
| 14:31 | Construir | House |
| 15:02 | Crear | Galley |
| 15:02 | Crear | Galley |
| 15:06 | Construir | House |
| 15:07 | Crear | Villager (Male) |
| 15:29 | Construir | Blacksmith |
| 15:44 | Crear | Villager (Male) |
| 15:44 | Crear | Villager (Male) |
| 15:52 | Crear | Galley |
| 15:56 | Crear | Villager (Male) |
| 15:57 | Crear | Villager (Male) |
| 16:04 | Crear | Villager (Male) |
| 16:22 | Crear | Villager (Male) |
| 16:25 | Construir | Lumber Camp |
| 16:35 | Crear | Galley |
| 16:53 | Crear | Villager (Male) |
| 16:54 | Crear | Villager (Male) |
| 17:15 | Investigar | Fletching |
| 17:16 | Crear | Villager (Male) |
| 17:16 | Crear | Villager (Male) |
| 17:34 | Crear | Villager (Male) |
| 17:36 | Crear | Villager (Male) |
| 17:48 | Construir | Mill |
| 18:16 | Crear | Villager (Male) |
| 18:21 | Construir | Market |
| 18:22 | Crear | Villager (Male) |
| 18:29 | Crear | Villager (Male) |
| 18:33 | Investigar | Double-Bit Axe |
| 18:48 | Crear | Villager (Male) |
| 18:56 | Crear | Villager (Male) |
| 19:06 | Investigar | Castle Age |
| 19:27 | Crear | Villager (Male) |
| 19:27 | Crear | Villager (Male) |
| 19:27 | Crear | Villager (Male) |
| 20:13 | Crear | Villager (Male) |
| 20:13 | Crear | Villager (Male) |
| 20:32 | Crear | Villager (Male) |
| 20:37 | Investigar | Gold Mining |
| 20:46 | Crear | Unit 2626 |
| 20:56 | Construir | Dock |
| 21:07 | Investigar | Tech 906 |
| 21:08 | Crear | Villager (Male) |
| 21:08 | Crear | Villager (Male) |
| 21:09 | Crear | Villager (Male) |
| 21:13 | Crear | Villager (Male) |
| 21:16 | Investigar | Horse Collar |
| 21:28 | Construir | Barracks |
| 21:34 | Construir | House |
| 21:41 | Construir | House |
| 21:42 | Construir | House |
| 21:43 | Construir | House |
| 21:53 | Crear | Villager (Male) |
| 21:53 | Crear | Villager (Male) |
| 22:11 | Crear | Villager (Male) |
| 22:19 | Construir | Archery Range |
| 22:23 | Construir | Siege Workshop |
| 22:26 | Construir | House |
| 22:39 | Investigar | Bodkin Arrow |
| 22:39 | Investigar | Bodkin Arrow |
| 22:45 | Investigar | War Galley (upgrade) |
| 23:01 | Crear | Villager (Male) |
| 23:01 | Crear | Villager (Male) |
| 23:04 | Crear | Mangonel |
| 23:31 | Construir | Town Center |
| 24:03 | Crear | Villager (Male) |
| 24:04 | Crear | Villager (Male) |
| 24:12 | Crear | Villager (Male) |
| 24:12 | Crear | Villager (Male) |
| 24:12 | Crear | Villager (Male) |
| 24:19 | Crear | Mangonel |
| 24:27 | Crear | Villager (Male) |
| 24:32 | Construir | Mining Camp |
| 24:46 | Construir | House |
| 24:46 | Construir | House |
| 25:00 | Crear | Skirmisher |
| 25:01 | Crear | Mangonel |
| 25:01 | Crear | Mangonel |
Build order — [BÜN#1] Heidewolf
Primeras 150 de 448 acciones detectadas
| 0:57 | Construir | Town Center |
| 1:12 | Construir | Dock |
| 3:02 | Investigar | Loom |
| 3:02 | Investigar | Loom |
| 3:02 | Investigar | Loom |
| 3:02 | Investigar | Loom |
| 3:51 | Crear | Villager (Male) |
| 4:00 | Crear | Fishing Ship |
| 4:25 | Crear | Villager (Male) |
| 4:44 | Crear | Villager (Male) |
| 5:15 | Crear | Villager (Male) |
| 5:28 | Crear | Villager (Male) |
| 5:29 | Construir | House |
| 5:43 | Crear | Villager (Male) |
| 6:19 | Crear | Fishing Ship |
| 6:25 | Crear | Villager (Male) |
| 6:39 | Crear | Villager (Male) |
| 6:55 | Crear | Fishing Ship |
| 7:12 | Construir | House |
| 7:17 | Crear | Villager (Male) |
| 7:46 | Crear | Villager (Male) |
| 7:48 | Crear | Fishing Ship |
| 8:08 | Crear | Fishing Ship |
| 8:13 | Crear | Villager (Male) |
| 8:24 | Crear | Villager (Male) |
| 8:59 | Crear | Villager (Male) |
| 9:10 | Construir | Dock |
| 9:15 | Crear | Villager (Male) |
| 9:22 | Crear | Villager (Male) |
| 9:32 | Construir | House |
| 9:38 | Crear | Fishing Ship |
| 10:00 | Crear | Fishing Ship |
| 10:00 | Crear | Fishing Ship |
| 10:01 | Crear | Villager (Male) |
| 10:07 | Construir | House |
| 10:34 | Crear | Villager (Male) |
| 10:35 | Crear | Fishing Ship |
| 10:50 | Construir | Lumber Camp |
| 10:51 | Crear | Villager (Male) |
| 11:02 | Crear | Fishing Ship |
| 11:04 | Crear | Villager (Male) |
| 11:28 | Construir | House |
| 11:35 | Crear | Villager (Male) |
| 11:38 | Construir | Mill |
| 11:54 | Crear | Fishing Ship |
| 12:08 | Crear | Fishing Ship |
| 12:11 | Investigar | Feudal Age |
| 12:21 | Construir | House |
| 12:41 | Construir | House |
| 12:50 | Crear | Fishing Ship |
| 13:00 | Construir | Dock |
| 13:09 | Crear | Fishing Ship |
| 13:33 | Crear | Fishing Ship |
| 13:37 | Crear | Villager (Male) |
| 13:53 | Crear | Fishing Ship |
| 14:33 | Edad | Edad Feudal |
| 14:36 | Construir | Blacksmith |
| 14:38 | Construir | Market |
| 14:41 | Investigar | Double-Bit Axe |
| 15:01 | Crear | Villager (Male) |
| 15:08 | Crear | Galley |
| 15:16 | Crear | Galley |
| 15:16 | Crear | Galley |
| 15:39 | Investigar | Castle Age |
| 15:46 | Crear | Unit 2626 |
| 15:57 | Crear | Galley |
| 16:09 | Crear | Unit 2626 |
| 16:30 | Investigar | Fletching |
| 16:39 | Crear | Galley |
| 16:41 | Investigar | Tech 906 |
| 16:41 | Crear | Villager (Male) |
| 17:07 | Crear | Galley |
| 17:08 | Crear | Villager (Male) |
| 17:18 | Construir | Lumber Camp |
| 17:28 | Crear | Galley |
| 18:04 | Crear | Galley |
| 18:07 | Construir | House |
| 18:16 | Crear | Galley |
| 18:19 | Edad | Edad de los Castillos |
| 18:24 | Investigar | Wheelbarrow |
| 18:26 | Investigar | War Galley (upgrade) |
| 18:26 | Investigar | War Galley (upgrade) |
| 18:32 | Investigar | Bow Saw |
| 18:37 | Investigar | Bodkin Arrow |
| 18:41 | Construir | House |
| 18:42 | Construir | House |
| 19:00 | Crear | Unit 2626 |
| 19:00 | Crear | Unit 2626 |
| 19:06 | Crear | Villager (Male) |
| 19:10 | Crear | Villager (Male) |
| 19:25 | Crear | Villager (Male) |
| 19:32 | Crear | Fire Galley |
| 19:32 | Crear | Fire Galley |
| 19:40 | Crear | Villager (Male) |
| 19:44 | Crear | Villager (Male) |
| 20:04 | Crear | Fire Galley |
| 20:05 | Crear | Fire Galley |
| 20:30 | Crear | Fire Galley |
| 20:30 | Crear | Fire Galley |
| 20:32 | Crear | Villager (Male) |
| 20:36 | Construir | Town Center |
| 20:42 | Crear | Villager (Male) |
| 20:45 | Crear | Fire Galley |
| 20:47 | Crear | Villager (Male) |
| 20:52 | Crear | Villager (Male) |
| 20:57 | Crear | Villager (Male) |
| 21:02 | Construir | Barracks |
| 21:04 | Construir | House |
| 21:11 | Crear | Villager (Male) |
| 21:36 | Crear | Fire Galley |
| 21:36 | Crear | Fire Galley |
| 21:54 | Construir | Palisade Wall |
| 21:54 | Construir | Palisade Wall |
| 21:57 | Construir | Monastery |
| 22:01 | Crear | Villager (Male) |
| 22:11 | Construir | Barracks |
| 22:21 | Crear | Fire Lancer |
| 22:22 | Crear | Fire Lancer |
| 22:22 | Crear | Villager (Male) |
| 22:38 | Crear | Fishing Ship |
| 22:39 | Crear | Fishing Ship |
| 22:50 | Construir | Dock |
| 22:56 | Crear | Fishing Ship |
| 22:56 | Crear | Fishing Ship |
| 23:00 | Crear | Villager (Male) |
| 23:02 | Crear | Fire Lancer |
| 23:02 | Crear | Fire Lancer |
| 23:04 | Investigar | Squires |
| 23:06 | Investigar | Scale Mail Armor |
| 23:07 | Crear | Villager (Male) |
| 23:09 | Crear | Villager (Male) |
| 23:14 | Crear | Villager (Male) |
| 23:23 | Crear | Fishing Ship |
| 23:23 | Crear | Fishing Ship |
| 23:27 | Crear | Villager (Male) |
| 23:30 | Crear | Fire Lancer |
| 23:30 | Crear | Fire Lancer |
| 23:31 | Crear | Villager (Male) |
| 23:37 | Crear | Villager (Male) |
| 23:39 | Crear | Villager (Male) |
| 23:46 | Construir | Town Center |
| 23:51 | Crear | Villager (Male) |
| 23:57 | Crear | Fishing Ship |
| 23:58 | Crear | Fishing Ship |
| 24:04 | Investigar | Gillnets |
| 24:25 | Crear | Villager (Male) |
| 24:37 | Crear | Villager (Male) |
| 24:39 | Crear | Fire Lancer |
| 24:40 | Crear | Fire Lancer |
| 24:44 | Construir | House |
Build order — EndRCM
Primeras 150 de 406 acciones detectadas
| 0:23 | Construir | Town Center |
| 0:46 | Construir | House |
| 0:48 | Construir | Dock |
| 2:51 | Crear | Villager (Male) |
| 2:51 | Crear | Villager (Male) |
| 2:52 | Crear | Villager (Male) |
| 2:52 | Crear | Villager (Male) |
| 2:52 | Crear | Villager (Male) |
| 2:53 | Crear | Villager (Male) |
| 3:30 | Investigar | Loom |
| 4:03 | Crear | Villager (Male) |
| 4:30 | Crear | Fishing Ship |
| 4:41 | Investigar | Loom |
| 4:41 | Investigar | Loom |
| 4:41 | Investigar | Loom |
| 5:02 | Crear | Villager (Male) |
| 5:03 | Crear | Villager (Male) |
| 5:03 | Crear | Villager (Male) |
| 5:05 | Crear | Villager (Male) |
| 5:06 | Crear | Villager (Male) |
| 5:07 | Construir | House |
| 6:14 | Crear | Villager (Male) |
| 6:14 | Crear | Villager (Male) |
| 6:14 | Crear | Villager (Male) |
| 6:14 | Crear | Villager (Male) |
| 6:28 | Construir | House |
| 6:43 | Crear | Villager (Male) |
| 6:44 | Crear | Villager (Male) |
| 7:05 | Crear | Fishing Ship |
| 7:05 | Crear | Fishing Ship |
| 7:05 | Crear | Fishing Ship |
| 7:27 | Crear | Villager (Male) |
| 7:27 | Crear | Villager (Male) |
| 7:38 | Crear | Villager (Male) |
| 7:53 | Crear | Fishing Ship |
| 7:57 | Construir | House |
| 8:16 | Crear | Villager (Male) |
| 8:26 | Crear | Villager (Male) |
| 8:28 | Crear | Fishing Ship |
| 8:59 | Crear | Villager (Male) |
| 9:12 | Crear | Fishing Ship |
| 9:14 | Crear | Villager (Male) |
| 9:17 | Construir | House |
| 9:55 | Construir | Mining Camp |
| 10:27 | Investigar | Feudal Age |
| 10:27 | Investigar | Feudal Age |
| 10:28 | Investigar | Feudal Age |
| 11:02 | Construir | Outpost |
| 11:17 | Crear | Fishing Ship |
| 11:21 | Construir | House |
| 11:26 | Crear | Villager (Male) |
| 11:27 | Crear | Villager (Male) |
| 11:53 | Construir | Palisade Wall |
| 11:59 | Construir | Palisade Wall |
| 12:01 | Construir | Palisade Wall |
| 12:03 | Construir | Palisade Wall |
| 12:04 | Construir | Palisade Wall |
| 12:24 | Crear | Fishing Ship |
| 12:37 | Edad | Edad Feudal |
| 12:38 | Crear | Villager (Male) |
| 12:42 | Investigar | Town Watch |
| 12:55 | Construir | Blacksmith |
| 13:03 | Construir | House |
| 13:03 | Construir | House |
| 13:07 | Crear | Villager (Male) |
| 13:20 | Construir | House |
| 13:23 | Crear | Villager (Male) |
| 13:58 | Crear | Villager (Male) |
| 14:10 | Construir | Mill |
| 14:32 | Crear | Villager (Male) |
| 14:39 | Construir | Watch Tower |
| 14:52 | Crear | Villager (Male) |
| 15:24 | Crear | Fire Galley |
| 15:41 | Construir | Watch Tower |
| 15:48 | Crear | Villager (Male) |
| 15:50 | Crear | Villager (Male) |
| 15:51 | Crear | Villager (Male) |
| 16:10 | Construir | Palisade Wall |
| 16:13 | Construir | Palisade Wall |
| 16:14 | Construir | Palisade Wall |
| 16:23 | Construir | Palisade Wall |
| 16:25 | Construir | Palisade Wall |
| 16:27 | Construir | Palisade Wall |
| 16:50 | Crear | Villager (Male) |
| 16:55 | Construir | Market |
| 16:57 | Crear | Villager (Male) |
| 17:23 | Construir | Palisade Wall |
| 17:23 | Construir | Palisade Wall |
| 17:24 | Construir | Palisade Wall |
| 17:24 | Construir | Palisade Wall |
| 17:26 | Construir | Palisade Wall |
| 17:27 | Construir | Palisade Wall |
| 17:27 | Construir | Palisade Wall |
| 17:28 | Construir | Palisade Wall |
| 17:29 | Construir | Palisade Wall |
| 17:37 | Crear | Villager (Male) |
| 17:58 | Investigar | Castle Age |
| 17:58 | Investigar | Castle Age |
| 17:58 | Investigar | Castle Age |
| 18:30 | Construir | House |
| 18:30 | Construir | House |
| 18:52 | Construir | Outpost |
| 19:10 | Construir | Gate |
| 19:16 | Construir | House |
| 19:23 | Construir | Palisade Wall |
| 19:38 | Construir | Outpost |
| 19:52 | Construir | Lumber Camp |
| 20:24 | Crear | Villager (Male) |
| 20:38 | Edad | Edad de los Castillos |
| 20:41 | Crear | Villager (Male) |
| 20:49 | Construir | Town Center |
| 20:53 | Crear | Villager (Male) |
| 21:01 | Investigar | Double-Bit Axe |
| 21:01 | Investigar | Double-Bit Axe |
| 21:01 | Investigar | Double-Bit Axe |
| 21:04 | Crear | Villager (Male) |
| 21:36 | Crear | Villager (Male) |
| 21:37 | Crear | Villager (Male) |
| 21:40 | Construir | Farm |
| 21:41 | Construir | Farm |
| 21:42 | Construir | Farm |
| 21:44 | Crear | Villager (Male) |
| 21:44 | Crear | Villager (Male) |
| 21:56 | Construir | Farm |
| 22:04 | Crear | Villager (Male) |
| 22:04 | Crear | Villager (Male) |
| 22:04 | Crear | Villager (Male) |
| 22:08 | Construir | Farm |
| 22:16 | Crear | Villager (Male) |
| 22:16 | Crear | Villager (Male) |
| 22:16 | Crear | Villager (Male) |
| 22:21 | Crear | Villager (Male) |
| 22:22 | Crear | Villager (Male) |
| 22:22 | Crear | Villager (Male) |
| 22:27 | Construir | Farm |
| 22:47 | Construir | Palisade Wall |
| 23:01 | Crear | Villager (Male) |
| 23:01 | Crear | Villager (Male) |
| 23:02 | Construir | Farm |
| 23:09 | Crear | Villager (Male) |
| 23:09 | Crear | Villager (Male) |
| 23:09 | Crear | Villager (Male) |
| 23:29 | Crear | Villager (Male) |
| 23:29 | Crear | Villager (Male) |
| 23:29 | Crear | Villager (Male) |
| 23:36 | Construir | Castle |
| 23:49 | Crear | Villager (Male) |
| 23:49 | Crear | Villager (Male) |
| 23:50 | Crear | Villager (Male) |
| 23:52 | Construir | Farm |
Build order — [BÜN] Schmirgel
Primeras 150 de 303 acciones detectadas
| 0:15 | Construir | Town Center |
| 0:24 | Construir | Town Center |
| 1:27 | Construir | Dock |
| 1:49 | Construir | House |
| 2:54 | Crear | Villager (Male) |
| 2:54 | Crear | Villager (Male) |
| 2:54 | Crear | Villager (Male) |
| 2:54 | Crear | Villager (Male) |
| 3:38 | Crear | Fishing Ship |
| 3:38 | Crear | Fishing Ship |
| 4:19 | Construir | House |
| 4:30 | Crear | Villager (Male) |
| 4:55 | Crear | Villager (Male) |
| 4:56 | Crear | Villager (Male) |
| 5:17 | Crear | Villager (Male) |
| 5:39 | Crear | Fishing Ship |
| 5:39 | Crear | Fishing Ship |
| 5:40 | Crear | Villager (Male) |
| 5:41 | Crear | Villager (Male) |
| 5:55 | Construir | House |
| 6:08 | Crear | Villager (Male) |
| 6:08 | Crear | Villager (Male) |
| 6:32 | Crear | Villager (Male) |
| 6:33 | Crear | Villager (Male) |
| 6:41 | Crear | Fishing Ship |
| 6:41 | Crear | Fishing Ship |
| 6:41 | Crear | Fishing Ship |
| 6:53 | Crear | Villager (Male) |
| 7:18 | Crear | Villager (Male) |
| 7:19 | Crear | Villager (Male) |
| 7:26 | Crear | Villager (Male) |
| 7:26 | Investigar | Loom |
| 7:28 | Crear | Fishing Ship |
| 7:40 | Construir | House |
| 7:43 | Crear | Villager (Male) |
| 8:17 | Crear | Villager (Male) |
| 8:18 | Crear | Villager (Male) |
| 8:19 | Crear | Villager (Male) |
| 8:25 | Crear | Fishing Ship |
| 8:25 | Crear | Fishing Ship |
| 8:46 | Construir | House |
| 8:48 | Crear | Villager (Male) |
| 8:48 | Crear | Villager (Male) |
| 8:48 | Crear | Villager (Male) |
| 9:23 | Construir | Lumber Camp |
| 9:25 | Crear | Villager (Male) |
| 9:51 | Investigar | Feudal Age |
| 9:51 | Investigar | Feudal Age |
| 10:21 | Construir | Mining Camp |
| 10:55 | Construir | Barracks |
| 11:02 | Construir | Barracks |
| 11:24 | Crear | Villager (Male) |
| 11:34 | Construir | House |
| 12:01 | Edad | Edad Feudal |
| 12:03 | Construir | Archery Range |
| 12:05 | Crear | Demolition Raft |
| 12:08 | Crear | Unit 2626 |
| 12:11 | Investigar | Double-Bit Axe |
| 12:17 | Crear | Villager (Male) |
| 12:25 | Crear | Unit 2626 |
| 12:25 | Crear | Unit 2626 |
| 12:26 | Crear | Villager (Male) |
| 12:43 | Construir | Outpost |
| 12:45 | Investigar | Town Watch |
| 12:47 | Investigar | Loom |
| 12:57 | Crear | Archer |
| 13:00 | Construir | House |
| 13:05 | Construir | Outpost |
| 13:11 | Crear | Unit 2626 |
| 13:18 | Crear | Villager (Male) |
| 13:25 | Crear | Villager (Male) |
| 13:26 | Crear | Archer |
| 13:51 | Construir | Blacksmith |
| 13:52 | Crear | Villager (Male) |
| 13:55 | Crear | Archer |
| 14:05 | Crear | Villager (Male) |
| 14:23 | Construir | Outpost |
| 14:25 | Crear | Villager (Male) |
| 14:27 | Construir | House |
| 14:30 | Crear | Unit 2626 |
| 14:41 | Crear | Villager (Male) |
| 14:42 | Crear | Archer |
| 14:51 | Construir | House |
| 14:52 | Crear | Villager (Male) |
| 14:59 | Investigar | Fletching |
| 14:59 | Investigar | Fletching |
| 15:00 | Crear | Villager (Male) |
| 15:14 | Crear | Villager (Male) |
| 15:22 | Construir | Mill |
| 15:28 | Crear | Fire Galley |
| 15:36 | Crear | Villager (Male) |
| 16:01 | Crear | Villager (Male) |
| 16:16 | Construir | Market |
| 16:23 | Crear | Fishing Ship |
| 16:42 | Construir | Dock |
| 16:45 | Crear | Villager (Male) |
| 16:46 | Crear | Villager (Male) |
| 17:02 | Crear | Archer |
| 17:28 | Crear | Archer |
| 17:28 | Crear | Archer |
| 17:39 | Crear | Fishing Ship |
| 17:40 | Investigar | Tech 906 |
| 17:43 | Crear | Villager (Male) |
| 17:51 | Crear | Archer |
| 17:56 | Construir | House |
| 18:02 | Construir | House |
| 18:03 | Construir | Palisade Wall |
| 18:05 | Crear | Villager (Male) |
| 18:34 | Construir | House |
| 18:36 | Construir | House |
| 18:38 | Construir | House |
| 18:46 | Crear | Archer |
| 19:00 | Crear | Archer |
| 19:12 | Crear | Fishing Ship |
| 19:13 | Crear | Fishing Ship |
| 19:25 | Construir | House |
| 19:30 | Construir | House |
| 19:32 | Construir | Palisade Wall |
| 19:40 | Crear | Villager (Male) |
| 19:46 | Construir | Outpost |
| 20:06 | Crear | Villager (Male) |
| 20:19 | Crear | Villager (Male) |
| 20:27 | Crear | Villager (Male) |
| 20:45 | Crear | Villager (Male) |
| 20:48 | Crear | Fishing Ship |
| 20:48 | Crear | Fishing Ship |
| 21:01 | Construir | Mining Camp |
| 21:15 | Construir | Town Center |
| 21:42 | Construir | Town Center |
| 22:32 | Crear | Archer |
| 22:37 | Investigar | Padded Archer Armor |
| 22:41 | Investigar | Stone Mining |
| 22:43 | Investigar | Castle Age |
| 22:46 | Crear | Villager (Male) |
| 23:21 | Construir | Mining Camp |
| 23:32 | Crear | Villager (Male) |
| 23:43 | Crear | Villager (Male) |
| 23:56 | Crear | Villager (Male) |
| 24:11 | Crear | Villager (Male) |
| 24:13 | Crear | Archer |
| 24:26 | Crear | Archer |
| 24:41 | Crear | Villager (Male) |
| 24:46 | Investigar | Gold Mining |
| 24:58 | Crear | Archer |
| 25:23 | Edad | Edad de los Castillos |
| 25:27 | Investigar | Crossbowman (upgrade) |
| 25:29 | Investigar | Bodkin Arrow |
| 25:31 | Investigar | Crossbowman (upgrade) |
| 25:34 | Crear | Villager (Male) |
| 25:37 | Investigar | Bow Saw |
Cronología de la partida
| 0:26 | [BÜN] Nehekbo · first_building Dock |
| 0:48 | EndRCM · first_building Dock |
| 0:51 | Kaarlos · first_building Dock |
| 0:57 | SnubPigeon1853 · first_building Dock |
| 1:02 | [BÜN]_kapitalismus · first_building Dock |
| 1:12 | Raul.RF · first_building Dock |
| 1:12 | [BÜN#1] Heidewolf · first_building Dock |
| 1:27 | [BÜN] Schmirgel · first_building Dock |
| 5:00 | [BÜN]_kapitalismus · wall_segment Palisade Wall x1 |
| 5:29 | SnubPigeon1853 · wall_segment Palisade Wall x1 |
| 5:30 | SnubPigeon1853 · wall_segment Palisade Wall x1 |
| 10:55 | [BÜN] Schmirgel · first_building Barracks |
| 11:37 | SnubPigeon1853 · wall_segment Palisade Wall x1 |
| 11:38 | Raul.RF · wall_segment Palisade Wall x6 |
| 11:39 | SnubPigeon1853 · wall_segment Palisade Wall x1 |
| 11:39 | Raul.RF · wall_segment Palisade Wall x1 |
| 11:39 | SnubPigeon1853 · wall_segment Palisade Wall x1 |
| 11:40 | SnubPigeon1853 · wall_segment Palisade Wall x1 |
| 11:42 | Raul.RF · wall_segment Palisade Wall x1 |
| 11:53 | EndRCM · wall_segment Palisade Wall x5 |
| 11:55 | Raul.RF · wall_segment Palisade Wall x1 |
| 11:59 | EndRCM · wall_segment Palisade Wall x1 |
| 12:01 | EndRCM · wall_segment Palisade Wall x4 |
| 12:01 | [BÜN] Schmirgel · age_up feudal |
| 12:03 | [BÜN] Schmirgel · first_building Archery Range |
| 12:03 | EndRCM · wall_segment Palisade Wall x1 |
| 12:04 | EndRCM · wall_segment Palisade Wall x1 |
| 12:17 | SnubPigeon1853 · wall_segment Palisade Wall x1 |
| 12:18 | SnubPigeon1853 · wall_segment Palisade Wall x1 |
| 12:23 | Raul.RF · wall_segment Palisade Wall x1 |
| 12:25 | Raul.RF · wall_segment Palisade Wall x6 |
| 12:37 | EndRCM · age_up feudal |
| 12:57 | Kaarlos · age_up feudal |
| 12:57 | Raul.RF · age_up feudal |
| 13:13 | [BÜN] Nehekbo · age_up feudal |
| 13:39 | Raul.RF · wall_segment Palisade Wall x1 |
| 13:50 | Kaarlos · first_market_sell 100 wood |
| 13:54 | Kaarlos · first_market_buy 100 food |
| 14:02 | [BÜN]_kapitalismus · age_up feudal |
| 14:33 | [BÜN#1] Heidewolf · age_up feudal |
| 15:46 | [BÜN] Nehekbo · first_building Barracks |
| 16:10 | EndRCM · wall_segment Palisade Wall x1 |
| 16:13 | EndRCM · wall_segment Palisade Wall x1 |
| 16:14 | EndRCM · wall_segment Palisade Wall x1 |
| 16:23 | EndRCM · wall_segment Palisade Wall x1 |
| 16:25 | EndRCM · wall_segment Palisade Wall x1 |
| 16:27 | EndRCM · wall_segment Palisade Wall x1 |
| 16:35 | Kaarlos · age_up castle |
| 16:41 | Kaarlos · first_building Castle |
| 16:47 | [BÜN] Nehekbo · age_up castle |
| 17:00 | [BÜN] Nehekbo · first_building Archery Range |
| 17:16 | Raul.RF · first_building Barracks |
| 17:23 | EndRCM · wall_segment Palisade Wall x1 |
| 17:23 | EndRCM · wall_segment Palisade Wall x1 |
| 17:24 | EndRCM · wall_segment Palisade Wall x1 |
| 17:24 | EndRCM · wall_segment Palisade Wall x1 |
| 17:26 | EndRCM · wall_segment Palisade Wall x1 |
| 17:27 | EndRCM · wall_segment Palisade Wall x1 |
| 17:27 | EndRCM · wall_segment Palisade Wall x1 |
| 17:28 | EndRCM · wall_segment Palisade Wall x1 |
| 17:29 | EndRCM · wall_segment Palisade Wall x1 |
| 17:42 | [BÜN]_kapitalismus · age_up castle |
| 17:42 | EndRCM · first_market_sell 100 stone |
| 17:45 | [BÜN]_kapitalismus · first_building Krepost |
| 17:49 | EndRCM · first_market_buy 100 food |
| 18:03 | [BÜN] Schmirgel · wall_segment Palisade Wall x1 |
| 18:17 | [BÜN]_kapitalismus · first_market_buy 100 food |
| 18:19 | [BÜN#1] Heidewolf · age_up castle |
| 18:24 | [BÜN] Schmirgel · first_market_sell 100 wood |
| 18:26 | [BÜN] Schmirgel · first_market_buy 100 food |
| 18:30 | [BÜN#1] Heidewolf · first_market_buy 100 wood |
| 19:09 | Kaarlos · first_building Siege Workshop |
| 19:23 | EndRCM · wall_segment Palisade Wall x15 |
| 19:32 | [BÜN] Schmirgel · wall_segment Palisade Wall x1 |
| 19:40 | Raul.RF · age_up castle |
| 20:04 | [BÜN]_kapitalismus · first_market_sell 100 wood |
| 20:38 | EndRCM · age_up castle |
| 21:02 | [BÜN#1] Heidewolf · first_building Barracks |
| 21:28 | SnubPigeon1853 · first_building Barracks |
| 21:54 | [BÜN#1] Heidewolf · wall_segment Palisade Wall x1 |
| 21:54 | [BÜN#1] Heidewolf · wall_segment Palisade Wall x1 |
| 21:57 | [BÜN#1] Heidewolf · first_building Monastery |
| 22:19 | SnubPigeon1853 · first_building Archery Range |
| 22:23 | SnubPigeon1853 · first_building Siege Workshop |
| 22:47 | EndRCM · wall_segment Palisade Wall x6 |
| 23:30 | [BÜN] Nehekbo · first_building Siege Workshop |
| 23:36 | EndRCM · first_building Castle |
| 23:46 | Raul.RF · first_market_buy 100 food |
| 25:23 | [BÜN] Schmirgel · age_up castle |
| 26:23 | [BÜN] Schmirgel · first_building Siege Workshop |
| 27:25 | EndRCM · first_building Siege Workshop |
| 28:14 | EndRCM · wall_segment Stone Wall x1 |
| 28:55 | SnubPigeon1853 · first_building Castle |
| 29:14 | [BÜN] Schmirgel · first_building Castle |
| 29:25 | Raul.RF · first_market_sell 100 food |
| 29:54 | SnubPigeon1853 · first_market_buy 100 food |
| 30:16 | [BÜN#1] Heidewolf · first_building Castle |
| 30:42 | [BÜN] Nehekbo · first_building Monastery |
| 30:47 | Raul.RF · first_building Siege Workshop |
| 31:39 | [BÜN] Nehekbo · first_market_buy 100 stone |
| 32:50 | [BÜN#1] Heidewolf · first_building Archery Range |
| 33:48 | Raul.RF · wall_segment Palisade Wall x10 |
| 33:51 | [BÜN#1] Heidewolf · first_market_sell 100 food |
| 33:56 | [BÜN] Nehekbo · age_up imperial |
| 34:26 | [BÜN#1] Heidewolf · first_building Siege Workshop |
| 34:40 | SnubPigeon1853 · wall_segment Stone Wall x13 |
| 34:46 | [BÜN#1] Heidewolf · age_up imperial |
| 35:19 | Raul.RF · wall_segment Stone Wall x1 |
| 35:34 | [BÜN] Nehekbo · first_building Castle |
| 37:10 | [BÜN] Schmirgel · wall_segment Stone Wall x1 |
| 37:15 | [BÜN] Nehekbo · first_market_sell 500 food |
| 38:01 | [BÜN]_kapitalismus · age_up imperial |
| 39:21 | EndRCM · age_up imperial |
| 39:31 | SnubPigeon1853 · first_market_sell 100 food |
| 40:21 | EndRCM · first_building Barracks |
| 41:12 | Kaarlos · resign |
| 41:39 | SnubPigeon1853 · wall_segment Stone Wall x5 |
[ ANÁLISIS IA · 1 CRÉDITO ]
¿Qué pasó realmente en esta partida?
Wolo.gg analiza cada decisión: build order, eco, micro, errores típicos por bracket. Análisis personalizado por WhatsApp o Discord en 30 segundos.
Guía civ
Búlgaros
Perfil
Jugador #259479